 Dungeon Crawl Stone Soup version 0.30-a0-620-g0e44632947 (console) character file.

Game seed: 5140705420731672092

13 Ignak the Ogre Mage (level 2, -2/28 HPs)
             Began as an Ogre Hedge Wizard on Jan 10, 2023.
             Frozen to death by an endoplasm (5 damage)
             ... on level 1 of the Dungeon.
             The game lasted 00:02:06 (479 turns).

Ignak the Ogre Mage (Ogre Hedge Wizard)              Turns: 479, Time: 00:02:06

Health: -2/28      AC:  3    Str: 13    XL:     2   Next: 37%
Magic:  6/6        EV:  9    Int: 15    God:
Gold:   56         SH:  0    Dex:  8    Spells: 7/8 levels left

rFire   . . .      SeeInvis .    h - +0 club
rCold   . . .      Faith    .    (no shield)
rNeg    . . .      Spirit   .    b - +0 robe
rPois   .          Reflect  .    c - +0 hat
rElec   .          Harm     .    (no cloak)
rCorr   .          Rampage  .    (gloves unavailable)
Will    .....                    (boots unavailable)
Stlth   +                        (no amulet)
HPRegen 0.24/turn                (no ring)
MPRegen 0.10/turn                (no ring)

@: no status effects
A: large, unfitting armour, tough skin 1
a: no special abilities


You were on level 1 of the Dungeon.
You visited 1 branch of the dungeon, and saw 1 of its levels.

You collected 56 gold pieces.

Inventory:

Hand Weapons
 a - a +0 dagger
 h - a +0 club (weapon)
Missiles
 f - 2 atropa-tipped darts
Armour
 b - a +0 robe (worn)
 c - a +0 hat (worn)
Scrolls
 e - a scroll of enchant weapon {unknown}
Potions
 d - a potion of magic
 g - a potion of invisibility {unknown}


   Skills:
 + Level 1.9 Fighting
 * Level 0.3 Maces & Flails
 - Level 1.7 Dodging
 - Level 1.4 Stealth
 + Level 0.7 Unarmed Combat
 - Level 3.6 Spellcasting
 - Level 0.8 Conjurations
 - Level 0.8 Summonings
 - Level 0.8 Translocations


You had 7 spell levels left.
You knew the following spells:

 Your Spells              Type           Power      Damage    Failure   Level
a - Magic Dart            Conj           20%        1d4       13%         1

Your spell library contained the following spells:

 Spells                   Type           Power      Damage    Failure   Level
 Slow                     Hex            8%         N/A       19%         1
 Blink                    Tloc           10%        N/A       21%         2
 Call Imp                 Summ           5%         N/A       21%         2
 Cigotuvi's Dreadful Rot  Necr/Pois/Air  4%         N/A       28%         2
 Mephitic Cloud           Conj/Pois/Air  3%         N/A       45%         3


Dungeon Overview and Level Annotations

Branches:
Dungeon (1/15)

Altars:


Innate Abilities, Weirdness & Mutations

You are too large for most types of armour.
You have tough skin. (AC +1)


Message History

The endoplasm quivers.
The kobold hits you with a +0 whip.
You closely miss the kobold. The kobold hits you with a +0 whip.
You hit the kobold but do no damage. The kobold hits you but does no damage.
The kobold barely misses you. The kobold hits you with a +0 whip.
The kobold barely misses you.
The kobold throws a stone.
The stone hits you but does no damage.
You closely miss the kobold. You barely miss the kobold.
The endoplasm hits you. The kobold closely misses you.
You hit the kobold.
The kobold is severely wounded.
The endoplasm freezes you.
You are frozen.
The kobold hits you with a +0 whip. x3
The endoplasm freezes you.
You are frozen.
* * * LOW HITPOINT WARNING * * *
The kobold hits you with a +0 whip.
* * * LOW HITPOINT WARNING * * *
The kobold attacks as you move away! The kobold barely misses you.
The endoplasm attacks as you move away!
The endoplasm hits you but does no damage.
The endoplasm attacks as you move away! The endoplasm hits you.
* * * LOW HITPOINT WARNING * * *
The kobold attacks as you move away! The kobold closely misses you.
Casting: Magic Dart (safe; 13% risk of failure)
Confirm with . or Enter, or press ? or * to list all spells.
You don't know that spell.
The endoplasm attacks as you move away! The endoplasm barely misses you.
You hit the kobold but do no damage.
The kobold is severely wounded.
The endoplasm barely misses you. The kobold hits you but does no damage.
Press: ? - help, v - describe, . - travel
Here: a kobold, wielding a +0 whip (severely wounded)
The floor.
You closely miss the kobold.
The kobold is severely wounded.
The endoplasm freezes you.
You are frozen.
You die...

..###### .....................
#.##..# #####.......#.#.......
#.#.#.##..##.......#.#...####
### #..###...)##.......#.##....
..###..#.###.<##.##+####....##.#
#.##.##.##....##.##.#....##.# .#
##..[##...##..##)...........# .
###############.......#.. .# #
...........#@......#
...........#JK.....#
...........K......#
.#...............
#...............
#..................
#[....#####........ #.....
#........ #..... #........


You could see an endoplasm and 2 kobolds.

Vanquished Creatures
  An endoplasm (D:1)
  A goblin (D:1)
  2 hobgoblins (D:1)
  4 kobolds (D:1)
  4 rats (D:1)
12 creatures vanquished.

Notes
Turn   | Place    | Note
-------+----------+-------------------------------------------
     0 | D:1      | Ignak the Ogre Hedge Wizard began the quest for the Orb.
     0 | D:1      | Reached XP level 1. HP: 16/16 MP: 5/5
   105 | D:1      | Reached skill level 1 in Fighting
   216 | D:1      | Reached XP level 2. HP: 20/28 MP: 2/6
   310 | D:1      | Found a faded altar of an unknown god.
   479 | D:1      | Frozen to death by an endoplasm

Illustrated notes

Levels and vault maps discovered:
D:1:      dpeg_arrival_signposts, layout_basic,
          hellmonk_ecumenical_altar_pennies_from_heaven

Skill      XL: |  1 |
---------------+----+-----
Fighting       | 1 |  1.9
Maces & Flails | |  0.3
Dodging        | |  1.7
Stealth        | |  1.4
Unarmed Combat | |  0.7
Spellcasting   | |  3.6
Conjurations   | |  0.8
Summonings     | |  0.8
Translocations | |  0.8

Action                   || total
-------------------------++-------
Melee: Dagger            ||    47
       Punch             ||     1
       Club              ||    14
 Cast: Magic Dart        ||    14
Armor: Robe              ||    20
Dodge: Dodged            ||    31

Table legend: (Time is in decaauts)
 A = Elapsed time spent in this place.
 B = Non-inter-level travel time spent in this place.
 C = Inter-level travel time spent in this place.
 D = Time resting spent in this place.
 E = Time spent auto-exploring this place.
 F = Levels seen in this place.
 G = Mean time per level.
                   A        B        C        D        E       F      G
               +--------+--------+--------+--------+--------+-----+--------+
         Total |    482 |    482 |      0 |     96 |    190 |   1 |  482.0 |
       Dungeon |    482 |    482 |      0 |     96 |    190 |   1 |  482.0 |
               +--------+--------+--------+--------+--------+-----+--------+

Top non-repeatable levels by time:
     D:1: 482 daAuts
